 Dungeon Crawl Stone Soup version 0.30.0 (webtiles) character file.

Game seed: 5967343011020972644

567 Dani the Chopper (level 7, 52/52 HPs)
             Began as a Demonspawn Fighter on May 20, 2023.
             Was a Follower of Sif Muna.
             Quit the game on level 5 of the Dungeon.
             The game lasted 00:06:34 (3161 turns).

Dani the Chopper (Demonspawn Fighter)               Turns: 3161, Time: 00:06:34

Health: 52/52      AC: 11    Str: 16    XL:     7   Next: 11%
Magic:  7/7        EV:  8    Int: 12    God:    Sif Muna [*.....]
Gold:   175        SH:  4    Dex: 12    Spells: 6/6 levels left

rFire   . . .        a - +0 war axe (venom)
rCold   . . .        c - +0 buckler
rNeg    . . .        b - +0 scale mail
rPois   .            (helmet restricted)
rElec   .            (no cloak)
rCorr   .            (no gloves)
SInv    .            f - +2 pair of boots {Fly}
Will    .....        y - amulet of regeneration Stlth
                     (no ring)
HPRegen 1.08/turn    (no ring)
MPRegen 0.10/turn

%: no passive effects
@: flying
A: claws 2, slimy green scales 1, demonic guardian 2, powered by pain 1,
antennae 1, wild magic 1
a: Renounce Religion, Channel Magic


You were on level 5 of the Dungeon.
You worshipped Sif Muna.
Sif Muna was aware of your devotion.
You visited 1 branch of the dungeon, and saw 5 of its levels.

You collected 211 gold pieces.
You spent 36 gold pieces at shops.

Inventory:

Hand Weapons
 a - a +0 war axe of venom (weapon)
Missiles
 h - 3 poisoned darts (quivered)
 k - 4 javelins
Armour
 b - a +0 scale mail (worn)
 c - a +0 buckler (worn)
 f - a +2 pair of boots of flying (worn)
   (You found it on level 1 of the Dungeon)
Jewellery
 g - a ring of magical power
   (You found it on level 4 of the Dungeon)
 y - an amulet of regeneration (around neck)
   (You found it on level 2 of the Dungeon)
Wands
 V - a wand of flame (15)
   (You found it on level 5 of the Dungeon)
Scrolls
 R - 5 scrolls of identify {@r1}
 T - 2 scrolls of teleportation
Potions
 d - 2 potions of might
 e - 2 potions of mutation
 j - a potion of heal wounds {unknown}
 l - 2 potions of brilliance
 Q - 2 potions of curing {@q1}


   Skills:
 - Level 3.0 Fighting
 + Level 7.2 Axes
 - Level 2.6 Armour
 - Level 2.6 Shields


You had 6 spell levels left.
You didn't know any spells.
Your spell library contained the following spells:

 Spells                   Type           Power      Damage    Failure   Level
 Foxfire                  Conj/Fire      0%         2x1d4     88%         1
 Magic Dart               Conj           0%         1d3       88%         1
 Sandblast                Erth           0%         2d4       88%         1
 Passwall                 Tmut/Erth      0%         N/A       96%         2
 Searing Ray              Conj           0%         2d4       96%         2
 Mephitic Cloud           Conj/Pois/Air  0%         N/A       99%         3
 Stone Arrow              Conj/Erth      0%         3d7       99%         3
 Fulminant Prism          Conj/Hex       0%         3d5       100%        4
 Lehudib's Crystal Spear  Conj/Erth      0%         10d2      100%        8


Dungeon Overview and Level Annotations

Branches:
Dungeon (5/15)             Temple (0/1) D:4

Altars:
Sif Muna
Uskayaw
Xom

Shops:
D:2 (   D:5 (((*


Innate Abilities, Weirdness & Mutations

You have very sharp fingernails.
You are partially covered in slimy green scales. (AC +2)
A demonic guardian rushes to your aid.
You sometimes gain a little power by taking damage.
You have a pair of small antennae on your head.
Your spells are a little harder to cast, but a little more powerful.


Message History

The arrow barely misses you.
Found a hide-covered altar of Uskayaw.
You barely miss the centaur.
The centaur unwields a +0 shortbow.
The centaur hits you but does no damage.
You block the centaur's attack.
You completely miss the centaur.
The centaur hits you but does no damage.
The centaur kicks you.
The centaur hits you but does no damage.
The centaur closely misses you.
You slash the centaur!
The centaur is moderately wounded.
The centaur hits you.
The centaur kicks you but does no damage.
The centaur barely misses you.
The centaur kicks you but does no damage.
You hit the centaur.
The centaur is poisoned.
The centaur is severely wounded.
The centaur hits you.
The centaur kicks you but does no damage.
The centaur hits you but does no damage.
The centaur kicks you.
You hit the centaur but do no damage.
The centaur looks as sick as possible!
The centaur is severely wounded.
The centaur completely misses you. The centaur barely misses you.
The centaur hits you. The centaur closely misses you.
You closely miss the centaur.
The centaur is severely wounded.
The centaur hits you but does no damage.
The centaur kicks you but does no damage.
The centaur closely misses you. x2
A centaur is nearby!
You hit the centaur.
The centaur looks as sick as possible!
The centaur is almost dead.
You block the centaur's attack. x2
A centaur is nearby!
You slash the centaur!
You kill the centaur!
Sif Muna accepts your kill.
Key pressed, stopping explore.
No target in view!
Key pressed, stopping explore.
No target in view!
Key pressed, stopping explore.
No target in view!
Key pressed, stopping explore.
Key pressed, stopping explore.
Key pressed, stopping explore.
There is a stone staircase leading up here.
Key pressed, stopping explore.
You see here a scorpion corpse.
Found 3 stones.
Key pressed, stopping explore.
Key pressed, stopping explore.
Found a stone staircase leading down.
As you open the door, it creaks loudly!
A hound comes into view.
The hound barks!
A hound is nearby!
A hound is nearby!
A hound is nearby!
A hound is nearby!
The hound bites you but does no damage.
There is an open door here.
A hound is nearby!
You hit the hound.
The hound is lightly wounded.
The hound bites you but does no damage.
A hound comes into view.
The hound bites you.
There are monsters nearby!
You barely miss the hound.
The hound is lightly wounded.
The hound barks!
The hound barely misses you.
There are monsters nearby!
You hit the hound.
The hound is poisoned.
The hound is heavily wounded.
The hound closely misses you. The hound bites you but does no damage.
You closely miss the hound.
The hound is heavily wounded.
You hit the hound.
The hound is poisoned.
The hound bites you but does no damage. The hound bites you.
The hound closely misses you. The hound completely misses you.
There are monsters nearby!
You hit the hound.
The hound looks as sick as possible!
The hound is almost dead.
You hit the hound.
The hound looks as sick as possible!
You kill the hound!
Sif Muna accepts your kill.
You kill the hound!
Sif Muna accepts your kill.
Your Axes skill increases to level 7!
You have reached level 7!
Your demonic ancestry asserts itself...
Slimy green scales grow over part of your body.
You reach down and open the door.
There is an open door here.
A sleepcap comes into view.
Are you sure you want to abandon this character and quit the game? (Confirm with "yes".)

##...############.#
.........+....#...#
.........#....#†..#
.........#....'†..#
♣........#....#...#
...####..###..#####
♣.##########..###.######
...............'........
♣..............#@.......
...............#.$......
♣..##..........#........
...##..........#........
...##....###.########.f.
...##....###.# ..
....#.....#... .
....#.....#....
..).#.....#.....


You could see a sleepcap.

Vanquished Creatures
  A centaur (D:5)
  A scorpion (D:5)
  A jelly (D:5)
  3 hounds
  An orc priest (D:4)
  3 orc wizards
  4 adders
  A gnoll (D:4)
  2 ufetubi
  3 worms
  3 dart slugs
  7 orcs
  9 ball pythons
  4 endoplasms
  3 giant cockroaches
  6 goblins
  5 hobgoblins
  7 jackals
  A quokka (D:3)
  2 bats (D:1)
  A frilled lizard (D:1)
  A rat (D:3)
69 creatures vanquished.

Vanquished Creatures (collateral kills)
  An orc wizard (D:4)
  3 gnolls (D:4)
  A dart slug (D:3)
  3 orcs
8 creatures vanquished.

Grand Total: 77 creatures vanquished

Notes
Turn   | Place    | Note
-------+----------+-------------------------------------------
     0 | D:1      | Dani the Demonspawn Fighter began the quest for the Orb.
     0 | D:1      | Reached XP level 1. HP: 18/18 MP: 1/1
    97 | D:1      | Reached skill level 2 in Axes
   225 | D:1      | Gained mutation: A weak demonic guardian rushes to your
                  | aid. [demonic ancestry]
   225 | D:1      | Reached XP level 2. HP: 23/24 MP: 2/2
   687 | D:1      | Reached skill level 3 in Axes
   950 | D:1      | Found a shimmering blue altar of Sif Muna.
   958 | D:1      | Became a worshipper of Sif Muna the Loreminder
  1013 | D:2      | Gained mutation: You have sharp fingernails. [demonic
                  | ancestry]
  1013 | D:2      | Reached XP level 3. HP: 29/29 MP: 3/3
  1173 | D:2      | Gained mutation: You have a pair of small antennae on your
                  | head. [potion of mutation]
  1173 | D:2      | Gained mutation: Your spells are a little harder to cast,
                  | but a little more powerful. [potion of mutation]
  1279 | D:2      | Found Tyuph's Antique Weapon Shoppe.
  1715 | D:3      | Reached skill level 4 in Axes
  1715 | D:3      | Gained mutation: You have very sharp fingernails. [demonic
                  | ancestry]
  1715 | D:3      | Reached XP level 4. HP: 33/35 MP: 4/4
  1820 | D:3      | Found a faded altar of an unknown god.
  2004 | D:3      | Found a shimmering altar of Xom.
  2248 | D:4      | Found a staircase to the Ecumenical Temple.
  2296 | D:4      | Gained mutation: A demonic guardian rushes to your aid.
                  | [demonic ancestry]
  2296 | D:4      | Reached XP level 5. HP: 21/41 MP: 5/5
  2300 | D:4      | Reached skill level 5 in Axes
  2301 | D:4      | Reached * piety under Sif Muna
  2562 | D:4      | Gained mutation: You sometimes gain a little power by
                  | taking damage. [demonic ancestry]
  2562 | D:4      | Reached XP level 6. HP: 47/47 MP: 6/6
  2761 | D:4      | Identified the +3 ring mail of the Great Game {rN+ Str+5}
  2769 | D:4      | Reached skill level 6 in Axes
  2894 | D:5      | Entered Level 5 of the Dungeon
  2894 | D:5      | Found Joeriyso's Antique Weapon Shop.
  2894 | D:5      | Found Faacyak's Antique Weapon Shop.
  2925 | D:5      | Found Arruff's General Store.
  2925 | D:5      | Found Zuonid's Antique Weapon Shop.
  2935 | D:5      | Bought a potion of curing for 36 gold pieces
  2943 | D:5      | Got Ecliplenuv's Compendium of Calescent Blows
  3025 | D:5      | Noticed a +0 spear
  3026 | D:5      | Noticed a +0 falchion
  3026 | D:5      | Noticed a +0 falchion
  3027 | D:5      | Noticed a +0 dagger
  3027 | D:5      | Noticed a +0 spear
  3028 | D:5      | Noticed a +0 short sword
  3029 | D:5      | Noticed a +0 dagger
  3034 | D:5      | Noticed a +0 short sword
  3057 | D:5      | Found a hide-covered altar of Uskayaw.
  3153 | D:5      | Reached skill level 7 in Axes
  3153 | D:5      | Gained mutation: You are partially covered in slimy green
                  | scales. (AC +2) [demonic ancestry]
  3153 | D:5      | Reached XP level 7. HP: 51/52 MP: 7/7
  3161 | D:5      | Quit the game

Illustrated notes

Levels and vault maps discovered:
D:1:      dpeg_arrival_water_altar, layout_basic
D:2:      layout_loops_ring, serial_shops, shop
D:3:      layout_rooms, xom_butterflies, shapermc_ecumenical_altar_petra
D:4:      layout_loops_ring, minmay_temple_entry_slanted
D:5:      layout_gridville, nicolae_uskayaw_en_pointe,
          nicolae_dithmenos_the_darkroom, minmay_shop_grid_forest

Skill      XL: |  1  2  3  4  5  6 |
---------------+-------------------+-----
Axes           | 2 3 4 5 7 |  7.2
Fighting       | |  3.0
Armour         | |  2.6
Shields        | |  2.6

Action                     |  1- 3 |  4- 6 |  7- 9 || total
---------------------------+-------+-------+-------++-------
  Melee: War axe           |    97 |   139 |       ||   236
    Use: Scroll            |     5 |     2 |       ||     7
         Potion            |     4 |     1 |       ||     5
 Armour: Scale mail        |    47 |    84 |       ||   131
         Skin              |    36 |       |       ||    36
  Dodge: Dodged            |    34 |    51 |       ||    85
  Block: Buckler           |    20 |    22 |       ||    42

Levels and vault maps discovered:
D:1:      dpeg_arrival_water_altar, layout_basic
D:2:      layout_loops_ring, serial_shops, shop
D:3:      layout_rooms, xom_butterflies, shapermc_ecumenical_altar_petra
D:4:      layout_loops_ring, minmay_temple_entry_slanted
D:5:      layout_gridville, nicolae_uskayaw_en_pointe,
          nicolae_dithmenos_the_darkroom, minmay_shop_grid_forest

Table legend: (Time is in decaauts)
 A = Elapsed time spent in this place.
 B = Non-inter-level travel time spent in this place.
 C = Inter-level travel time spent in this place.
 D = Time resting spent in this place.
 E = Time spent auto-exploring this place.
 F = Levels seen in this place.
 G = Mean time per level.
                   A        B        C        D        E       F      G
               +--------+--------+--------+--------+--------+-----+--------+
         Total |   3220 |   3103 |    117 |      0 |   2486 |   5 |  644.0 |
       Dungeon |   3220 |   3103 |    117 |      0 |   2486 |   5 |  644.0 |
               +--------+--------+--------+--------+--------+-----+--------+

Top non-repeatable levels by time:
     D:1: 990 daAuts
     D:2: 726 daAuts
     D:4: 654 daAuts
     D:3: 576 daAuts
     D:5: 273 daAuts

Table legend:
 A = Kills in this place as a percentage of kills in the entire game.
 B = Kills by you in this place as a percentage of kills by you in the entire game.
 C = Kills by friends in this place as a percentage of kills by friends in the entire game.
 D = Other kills in this place as a percentage of other kills in the entire game.
 E = Experience gained in this place as a percentage of experience gained in the entire game.
 F = Experience gained in this place divided by the number of levels of this place that you have seen.
                   A       B       C       D       E      F
               +-------+-------+-------+-------+-------+----------------------
         Total | 100.0 | 100.0 | 100.0 |   N/A | 100.0 | 162.0
       Dungeon | 100.0 | 100.0 | 100.0 |   N/A | 100.0 | 162.0
               +-------+-------+-------+-------+-------+----------------------
